 Dungeon Crawl Stone Soup version 0.25-a0-364-ge76b031baf (webtiles) character file.

Game seed: 8655402851797102903, levelgen mode: deterministic

14529 night the Martial Artist (level 11, -2/92 HPs)
             Began as a Demonspawn Wanderer on Jan 4, 2020.
             Was an Elder of Ru.
             Slain by a merfolk
             ... wielding a +0 trident
              (6 damage)
             ... on level 3 of the Lair of Beasts.
             The game lasted 00:47:39 (15352 turns).

night the Martial Artist (Demonspawn Wanderer)     Turns: 15352, Time: 00:47:41

Health: -2/92      AC: 15    Str: 14    XL:     11   Next: 89%
Magic:  0/11       EV:  4    Int: 14    God:    Ru [****..]
Gold:   932        SH:  9    Dex: 10    Spells: 10/10 levels left

rFire    . . .     SeeInvis .     - Unarmed
rCold    + . .     Gourm    .   s - +2 buckler
rNeg     . . .     Faith    .   z - +0 plate armour
rPois    .         Spirit   +   (helmet restricted)
rElec    .         Reflect  +   C - +0 cloak
rCorr    .         Harm     .   (no gloves)
MR       +....                  e - +0 pair of boots
Stlth    ..........             E - +2 amulet of reflection
HPRegen  0.25/turn              v - ring of protection from cold
MPRegen  0.12/turn              K - ring of protection from magic

@: no status effects
A: antennae 2, claws 2, clumsy 2, demonic guardian 1, magic shield, inability to
use devices, no charms magic, no earth magic, no hexes magic
a: Draw Out Power, Power Leap, Renounce Religion


You were on level 3 of the Lair of Beasts.
You worshipped Ru.
Ru was greatly pleased with you.
You were not hungry.

You visited 2 branches of the dungeon, and saw 12 of its levels.

You collected 932 gold pieces.

Inventory:

Hand Weapons
 a - a +2 spear
 r - a +1 short sword of venom
Missiles
 h - 5 curare-tipped darts
 n - 6 atropa-tipped darts (quivered)
 B - 42 poisoned darts
Armour
 c - a +0 pair of gloves
 e - a +0 pair of boots (worn)
 j - a +0 chain mail
 s - a +2 buckler (worn)
 t - a +0 ring mail
 z - a +0 plate armour (worn)
 C - a +0 cloak (worn)
Jewellery
 v - a ring of protection from cold (left claw)
 E - a +2 amulet of reflection (around neck)
 K - a ring of protection from magic (right claw)
 M - an uncursed ring of stealth
Scrolls
 f - a scroll of enchant armour
 g - 2 scrolls of immolation
 i - 6 scrolls of fear
 k - 8 scrolls of remove curse
 l - 13 scrolls of identify
 m - 3 scrolls of amnesia
 p - a scroll of enchant weapon {unknown}
 w - a scroll of random uselessness {unknown}
 x - 7 scrolls of teleportation
 y - 4 scrolls of fog {unknown}
 G - a scroll of blinking {unknown}
 I - a scroll of silence {unknown}
 J - a scroll of vulnerability {unknown}
 L - a scroll of noise {unknown}
Potions
 b - 2 potions of lignification
 o - a potion of berserk rage
 q - a potion of invisibility
 u - 2 potions of curing
 A - 4 potions of flight
 D - 2 potions of ambrosia
 F - 4 potions of heal wounds
 H - a potion of haste
Comestibles
 d - 22 rations


   Skills:
 + Level 10.7 Fighting
 - Level 1.6 Polearms
   Level 1.0 Bows
 - Level 6.0 Armour
 - Level 1.0 Dodging
 - Level 1.0 Stealth
 - Level 6.0 Shields
 * Level 12.3 Unarmed Combat


You had 10 spell levels left.
You didn't know any spells.
Your spell library contained the following spells:

 Spells                   Type           Power        Failure   Level  Hunger
 Beastly Appendage        Tmut           #.....       100%        1    ##.....
 Sticks to Snakes         Tmut           #.......     100%        2    ###....
 Spider Form              Tmut/Pois      #.........   100%        3    ####...
 Ice Form                 Ice/Tmut       #.......     100%        4    #####..
 Blade Hands              Tmut           #.........   100%        5    ######.
 Cause Fear               Hex            Unusable     N/A         4    N/A
 Silence                  Hex/Air        Unusable     N/A         5    N/A
 Yara's Violent Unravell  Hex/Tmut       Unusable     N/A         5    N/A
 Deflect Missiles         Chrm/Air       Unusable     N/A         6    N/A
 Discord                  Hex            Unusable     N/A         8    N/A

Dungeon Overview and Level Annotations

Branches:
Dungeon (9/15)             Temple (0/1) D:6            Lair (3/6) D:9
 Shoals (0/4) Lair:3        Snake (0/4) Lair:3          Orc (0/2) D:9

Altars:
Ashenzari
Cheibriados
Gozag
Makhleb
Okawaru
Ru
Sif Muna
Trog
Yredelemnul
Zin
The Shining One

Shops:
D:5 %   D:6 *   D:9 [


Innate Abilities, Weirdness & Mutations

You have a pair of antennae on your head.
You have very sharp fingernails.
You are very clumsy. (Dex -4)
A weak demonic guardian rushes to your aid.
When hurt, damage is shared between your health and your magic reserves.
You cannot study or use magical devices.
You cannot study or cast Charms magic.
You cannot study or cast Earth magic.
You cannot study or cast Hexes magic.


Message History

The merfolk hits you but does no damage.
You closely miss the merfolk.
The merfolk is lightly wounded.
Your white imp gestures at the merfolk.
The puff of frost hits the merfolk!
You claw the merfolk!
The merfolk is moderately wounded.
The merfolk hits you but does no damage.
The merfolk hits you with a +0 trident!
* * * LOW HITPOINT WARNING * * *
Your white imp closely misses the merfolk.
Your quasit completely misses the merfolk.
Your quasit claws the merfolk.
Your quasit closely misses the merfolk.
You closely miss the merfolk.
The merfolk is moderately wounded.
The merfolk hits you with a +0 trident!
* * * LOW HITPOINT WARNING * * *
Your white imp hits the merfolk.
Your white imp freezes the merfolk.
The merfolk hits you with a +0 trident!
You die...

P........#
.........##
...........#
...........#
.#####.....#
...###...## #
.#>#..###..#.#
≈≈≈≈≈..5#...#
#≈≈m@#.##.#
###m5)..###
###..## ##.#
###


You could see 2 merfolk, a friendly quasit and a friendly white imp.

Vanquished Creatures
  2 two-headed ogres
  Nergalle (Lair:3)
  A merfolk siren (Lair:3)
  A black mamba (Lair:2)
  Maurice (D:9)
  2 spiny frogs (Lair:2)
  3 komodo dragons
  A red devil (D:9)
  A hornet (D:5)
  A merfolk (Lair:3)
  5 hippogriffs
  12 blink frogs
  10 yaks
  2 water moccasins
  An ice beast (D:9)
  3 orc warriors
  3 black bears (D:7)
  2 sky beasts
  3 ogres
  A phantom (D:7)
  3 wolves (Lair:3)
  A centaur (D:7)
  A crocodile (D:7)
  9 bullfrogs
  2 scorpions
  3 killer bees (D:8)
  5 howler monkeys
  A vampire bat (D:4)
  3 crimson imps
  2 bullfrog zombies
  Crazy Yiuf (D:7)
  5 orc priests
  A hound (D:9)
  A jelly (D:6)
  A bullfrog skeleton (D:6)
  Ijyb (D:3)
  4 iguanas
  6 orc wizards
  5 worker ants
  Terence (D:2)
  A killer bee zombie (D:6)
  A hound zombie (D:7)
  Robin (D:2)
  7 adders
  3 gnolls (D:8)
  2 shadow imps
  2 oozes
  An adder zombie (D:8)
  3 worms
  A dart slug (D:2)
  2 fire bats (D:4)
  5 leopard geckos
  24 orcs
  2 spectral bats (D:4)
  15 bats
  A bat skeleton (D:4)
  8 giant cockroaches
  11 hobgoblins
  7 jackals
  9 kobolds
  2 quokkas
  3 ball pythons
  A bat simulacrum (D:4)
  5 frilled lizards
  2 gnoll zombies (D:8)
  19 goblins
  A quokka skeleton (D:8)
  7 rats
258 creatures vanquished.

Vanquished Creatures (collateral kills)
  A two-headed ogre (D:9)
  Sonja (Lair:1)
  A hippogriff (Lair:1)
  A water moccasin (Lair:2)
  An eye of draining (D:9)
  An orc warrior (D:9)
  A wolf (Lair:3)
  An ogre (D:8)
  A bullfrog (D:9)
  A scorpion (D:5)
  2 orc wizards
  An iguana (D:9)
  A fire bat (D:4)
  A leopard gecko (D:4)
  3 orcs
  2 bat skeletons (D:4)
  A jackal (D:7)
21 creatures vanquished.

Vanquished Creatures (others)
  A hydra (Lair:1)
  An orc warrior (D:6)
  A bullfrog (D:7)
  3 orcs
  A bat zombie (D:4)
  A fungus (Lair:3)
8 creatures vanquished.

Grand Total: 287 creatures vanquished

Notes
Turn   | Place    | Note
-------+----------+-------------------------------------------
     0 | D:1      | night the Demonspawn Wanderer began the quest for the Orb.
     0 | D:1      | night set off with the following items: a +2 spear, 2
                  | potions of lignification, a +0 robe, a ration
     0 | D:1      | Reached XP level 1. HP: 19/19 MP: 1/1
   461 | D:1      | Gained mutation: You have sharp fingernails. [demonic
                  | ancestry]
   461 | D:1      | Reached XP level 2. HP: 23/25 MP: 2/2
  1076 | D:1      | Reached skill level 1 in Unarmed Combat
  1303 | D:2      | Reached XP level 3. HP: 31/31 MP: 3/3
  1438 | D:2      | Noticed Robin
  1686 | D:2      | Killed Robin
  1686 | D:2      | Reached skill level 2 in Unarmed Combat
  1754 | D:2      | Found a glowing golden altar of the Shining One.
  1768 | D:2      | Gained mutation: You have very sharp fingernails. [demonic
                  | ancestry]
  1768 | D:2      | Reached XP level 4. HP: 38/38 MP: 4/4
  1810 | D:2      | Found a shattered altar of Ashenzari.
  1980 | D:2      | Found a sacrificial altar of Ru.
  2031 | D:2      | Became a worshipper of Ru the Awakened
  2040 | D:2      | Noticed Terence
  2057 | D:2      | Killed Terence
  2653 | D:3      | Gained mutation: A weak demonic guardian rushes to your
                  | aid. [demonic ancestry]
  2653 | D:3      | Reached XP level 5. HP: 41/43 MP: 5/5
  2658 | D:3      | Reached skill level 5 in Fighting
  2658 | D:3      | Reached skill level 3 in Unarmed Combat
  3107 | D:3      | Noticed Ijyb
  3519 | D:3      | Killed Ijyb
  3902 | D:4      | Reached skill level 4 in Unarmed Combat
  3902 | D:4      | Gained mutation: You have a pair of small antennae on your
                  | head. [demonic ancestry]
  3902 | D:4      | Reached XP level 6. HP: 48/51 MP: 6/6
  4018 | D:4      | Gained mutation: You are clumsy. (Dex -2) [Ru sacrifice]
  4069 | D:4      | Found a snail-covered altar of Cheibriados.
  4138 | D:4      | Found a bloodstained altar of Trog.
  4207 | D:4      | HP: 3/76 [poisoned by an orc wizard]
  4211 | D:4      | HP: 1/76 [poisoned by an orc wizard]
  4470 | D:4      | Found a shimmering blue altar of Sif Muna.
  5150 | D:5      | Entered Level 5 of the Dungeon
  5208 | D:5      | Noticed a hornet
  5213 | D:5      | Paralysed by a hornet for 3 turns
  5226 | D:5      | Killed a hornet
  5226 | D:5      | Reached skill level 5 in Unarmed Combat
  5226 | D:5      | Reached XP level 7. HP: 17/58 MP: 7/7
  5262 | D:5      | HP: 2/58 [poisoned by a hornet]
  5715 | D:5      | Found Ylozum Kaol's Food Boutique.
  6729 | D:6      | Found Zin's Purification Station.
  6733 | D:6      | Found a glowing silver altar of Zin.
  6763 | D:6      | Reached skill level 6 in Unarmed Combat
  7162 | D:6      | Found an opulent altar of Gozag.
  7195 | D:6      | Gained mutation: You cannot study or use magical devices.
                  | [Ru sacrifice]
  7195 | D:6      | Reached * piety under Ru
  7195 | D:6      | Reached ** piety under Ru
  7195 | D:6      | Reached *** piety under Ru
  7266 | D:6      | Reached XP level 8. HP: 21/65 MP: 8/8
  7773 | D:6      | Found a staircase to the Ecumenical Temple.
  7777 | D:6      | Reached skill level 7 in Unarmed Combat
  8081 | D:7      | Reached skill level 1 in Shields
  8236 | D:7      | Found an iron altar of Okawaru.
  8538 | D:7      | Found a runed translucent door.
  8539 | D:7      | Noticed Crazy Yiuf
  8551 | D:7      | Killed Crazy Yiuf
  8553 | D:7      | Gained mutation: You are very clumsy. (Dex -4) [potion of
                  | mutation]
  8553 | D:7      | Gained mutation: You have a pair of antennae on your head.
                  | [potion of mutation]
  8553 | D:7      | HP: 3/67 [poisoned by Crazy Yiuf]
  8856 | D:7      | Reached skill level 8 in Unarmed Combat
  9054 | D:7      | Mutation became permanent: You have a pair of small
                  | antennae on your head. [demonic ancestry]
  9054 | D:7      | Gained mutation: You have a pair of antennae on your head.
                  | [demonic ancestry]
  9054 | D:7      | Reached XP level 9. HP: 66/73 MP: 9/9
  9357 | D:8      | Noticed a two-headed ogre
  9366 | D:8      | Killed a two-headed ogre
  9366 | D:8      | Reached skill level 9 in Unarmed Combat
  9757 | D:8      | Gained mutation: You cannot study or cast Earth magic. [Ru
                  | sacrifice]
  9757 | D:8      | Gained mutation: You cannot study or cast Hexes magic. [Ru
                  | sacrifice]
  9757 | D:8      | Gained mutation: You cannot study or cast Charms magic. [Ru
                  | sacrifice]
  9757 | D:8      | Reached **** piety under Ru
  9845 | D:8      | Found a basalt altar of Yredelemnul.
 10349 | D:9      | Noticed Maurice
 10371 | D:9      | Killed Maurice
 10371 | D:9      | Gained mutation: When hurt, damage is shared between your
                  | health and your magic reserves. [demonic ancestry]
 10371 | D:9      | Reached XP level 10. HP: 61/82 MP: 10/10
 10378 | D:9      | Noticed a rust devil
 10404 | D:9      | Found a burning altar of Makhleb.
 10641 | D:9      | Noticed a two-headed ogre
 10658 | D:9      | Noticed a two-headed ogre
 10688 | D:9      | Killed a two-headed ogre
 11189 | D:9      | Reached skill level 10 in Unarmed Combat
 11245 | D:9      | Killed a two-headed ogre
 11245 | D:9      | Reached skill level 5 in Shields
 11276 | D:9      | Found a staircase to the Lair.
 11309 | D:9      | Found a staircase to the Orcish Mines.
 11309 | D:9      | Found Cuafen's Armour Shop.
 11603 | Lair:1   | Entered Level 1 of the Lair of Beasts
 11688 | D:9      | Reached skill level 5 in Armour
 12233 | Lair:1   | Noticed Sonja
 12239 | Lair:1   | Killed Sonja
 12239 | Lair:1   | Reached XP level 11. HP: 75/89 MP: 11/11
 12249 | Lair:1   | Noticed an eight-headed hydra
 12262 | Lair:1   | Killed an eight-headed hydra
 12829 | Lair:2   | Reached skill level 11 in Unarmed Combat
 12844 | Lair:2   | HP: 4/90 [poisoned by a spiny frog]
 14266 | Lair:3   | Reached skill level 10 in Fighting
 14273 | Lair:3   | Noticed Nergalle
 14295 | Lair:3   | HP: 2/90 [Nergalle/bolt of negative energy (18)]
 14299 | Lair:3   | Killed Nergalle
 14781 | Lair:3   | Reached skill level 12 in Unarmed Combat
 15291 | Lair:3   | Found a staircase to the Snake Pit.
 15336 | Lair:3   | Found a staircase to the Shoals.
 15352 | Lair:3   | HP: 4/92 [merfolk/+0 trident (16)]
 15352 | Lair:3   | Slain by a merfolk

Levels and vault maps discovered:
D:1:      shiori_arrival_maze, layout_loops_corners, grunt_decor_arrowhead
D:2:      layout_loops_ring, marbit_many_paths, lemuel_round_altar,
          nicolae_ru_great_annihilating_truth, kennysheep_generic_room_9,
          uniq_robin, uniq_terence
D:3:      kennysheep_goblin_castle, layout_rooms,
          nicolae_overflow_hidden_temple, first_ration, kennysheep_minor_cross
D:4:      layout_loops_ring, lemuel_crystal_altar, cheibriados_altar_1,
          lemuel_blue_sif_altar, goddamned_bats
D:5:      layout_layer_cave, serial_shops, kennysheep_little_box, uniq_ijyb
D:6:      layout_loops_ring, zin_purify, minmay_temple_entry_proselytizer,
          basic_altar
D:7:      minmay_bubble_buster, layout_basic, kennysheep_mini_moat,
          grunt_ogre_cave, amethyst_killhole, uniq_crazy_yiuf_cottage
D:8:      layout_layer_cave, lemuel_zombie_altar_yredelemnul
D:9:      layout_rooms, lair_entry_dummy, orc_david_3, lemuel_hellish_altar,
          uniq_maurice
Lair:1:   layout_gridlike, uniq_sonja
Lair:2:   layout_layer_cave, chequers_serial_rivers_small_3
Lair:3:   layout_cave_pods, elwin_shoals_entry_stream, dummy_snake_entry,
          lemuel_fruit_tree, minmay_lair_oklob_chamber, uniq_nergalle

Skill      XL: |  1  2  3  4  5  6  7  8  9 10 11 |
---------------+----------------------------------+-----
Unarmed Combat | 1 2 4 5 6 8 9 10 12 | 12.3
Fighting       | 5 6 7 8 9 10 | 10.7
Evocations     | 0 |  0.0
Shields        | 2 4 5 6 |  6.0
Armour         | 3 5 6 |  6.0
Polearms       | |  1.6
Bows           | |  1.0
Dodging        | |  1.0
Stealth        | |  1.0

Action                   |  1- 3 |  4- 6 |  7- 9 | 10-12 || total
-------------------------+-------+-------+-------+-------++-------
Melee: Spear             |    62 |       |       |       ||    62
       Short sword       |    71 |    10 |       |       ||    81
       Unarmed           |       |   242 |   411 |   387 ||  1040
Throw: Dart              |       |     7 |     8 |     8 ||    23
Invok: Sacrifice Purity  |       |     1 |       |       ||     1
       Sacrifice Artific |       |       |     1 |       ||     1
       Draw Out Power    |       |       |     1 |     3 ||     4
       Sacrifice Arcana  |       |       |     1 |       ||     1
       Power Leap        |       |       |       |     2 ||     2
       Reject Sacrifices |       |       |       |     1 ||     1
Evoke: Wand              |       |     5 |       |       ||     5
  Use: Scroll            |       |     4 |       |     6 ||    10
       Potion            |       |     3 |     7 |     1 ||    11
 Stab: Sleeping          |     3 |       |       |       ||     3
       Paralysed         |       |     1 |       |       ||     1
       Invisible         |       |       |     6 |     4 ||    10
       Distracted        |       |       |     1 |     4 ||     5
  Eat: Chunk             |     3 |    10 |     7 |     9 ||    29
       Ration            |       |       |     3 |     2 ||     5
Armor: Robe              |     7 |       |       |       ||     7
       Ring mail         |    19 |   123 |    30 |       ||   172
       Chain mail        |       |       |    34 |       ||    34
       Plate armour      |       |       |    92 |   224 ||   316
       Skin              |       |       |     1 |       ||     1
Dodge: Dodged            |    57 |   132 |    65 |    61 ||   315
Block: Buckler           |    25 |    69 |   116 |   176 ||   386
       Reflection        |       |       |     2 |     7 ||     9

Table legend:
 A = Non-vault XP
 B = Vault XP
 C = Vault XP percentage of total XP
 D = Non-vault monster count
 E = Vault monster count
 F = Vault count percentage of total count
                 A         B        C        D         E       F
            +---------+---------+-------+---------+---------+-------
      Total |   16881 |    3876 |  18.7 |     210 |      73 |  25.8
            +---------+---------+-------+---------+---------+-------
        D:1 |      33 |       2 |   5.7 |      19 |       2 |   9.5
        D:2 |      39 |     118 |  75.2 |      20 |      20 |  50.0
        D:3 |      62 |      62 |  50.0 |      13 |      12 |  48.0
        D:4 |     209 |     170 |  44.9 |      14 |      19 |  57.6
        D:5 |     411 |       0 |   0.0 |       7 |       0 |   0.0
        D:6 |     586 |      41 |   6.5 |      18 |       1 |   5.3
        D:7 |    1174 |     658 |  35.9 |      24 |       9 |  27.3
        D:8 |    1900 |       3 |   0.2 |      25 |       2 |   7.4
        D:9 |    3398 |     635 |  15.7 |      28 |       4 |  12.5
     Lair:1 |    1947 |     763 |  28.2 |       6 |       1 |  14.3
     Lair:2 |    3249 |       0 |   0.0 |      14 |       0 |   0.0
     Lair:3 |    3873 |    1424 |  26.9 |      22 |       3 |  12.0
            +---------+---------+-------+---------+---------+-------
